 Dungeon Crawl Stone Soup version 0.30.0-10-gfe55d96785 (webtiles) character file.

Game seed: 4541176286570976607

146 Byczy the Magician (level 5, 0/28 HPs)
             Began as a Deep Elf Hedge Wizard on May 15, 2023.
             Slain by an orc priest
             ... wielding a +0 hand axe
              (2 damage)
             ... on level 3 of the Dungeon.
             The game lasted 00:07:14 (2623 turns).

Byczy the Magician (Deep Elf Hedge Wizard)          Turns: 2623, Time: 00:07:15

Health: 0/28       AC:  2    Str:  7    XL:     5   Next: 7%
Magic:  5/16       EV: 13    Int: 21    God:
Gold:   100        SH:  0    Dex: 14    Spells: 14/17 levels left

rFire   . . .        a - +0 dagger
rCold   . . .        (no shield)
rNeg    . . .        b - +0 robe
rPois   .            c - +0 hat
rElec   .            (no cloak)
rCorr   .            (no gloves)
SInv    .            (no boots)
Will    .....        (no amulet)
Stlth   +            (no ring)
HPRegen 0.24/turn    (no ring)
MPRegen 0.15/turn

%: no passive effects
@: lethally poisoned (0 -> -2), on blink cooldown, very slightly contaminated,
very slow
A: no striking features
a: no special abilities


You were on level 3 of the Dungeon.
You visited 1 branch of the dungeon, and saw 3 of its levels.

You collected 100 gold pieces.

Inventory:

Hand Weapons
 a - a +0 dagger (weapon)
Armour
 b - a +0 robe (worn)
 c - a +0 hat (worn)
Scrolls
 f - 3 scrolls of teleportation
 g - 2 scrolls of fog
 l - a scroll of noise {unknown}
 m - 3 scrolls of identify {unknown}
 n - a scroll of fear {unknown}
Potions
 d - a potion of magic
 e - a potion of invisibility {unknown}
 h - a potion of attraction {unknown}
 i - 3 potions of curing {unknown}
 j - a potion of lignification {unknown}
 k - a potion of ambrosia {unknown}


   Skills:
 + Level 0.1 Fighting
 + Level 0.4 Short Blades
 + Level 2.9 Dodging
 + Level 3.0 Stealth
 + Level 6.6 Spellcasting
 + Level 2.4 Conjurations
 + Level 1.1 Summonings
 + Level 1.2 Translocations


You had 14 spell levels left.
You knew the following spells:

 Your Spells              Type           Power      Damage    Failure   Level
a - Magic Dart            Conj           68%        1d6       3%          1
b - Blink                 Tloc           24%        N/A       9%          2

Your spell library contained the following spells:

 Spells                   Type           Power      Damage    Failure   Level
 Sandblast                Erth           14%        2d6       9%          1
 Slow                     Hex            28%        N/A       9%          1
 Call Imp                 Summ           22%        N/A       9%          2
 Cigotuvi's Dreadful Rot  Necr/Pois/Air  14%        N/A       14%         2
 Passwall                 Tmut/Erth      5%         N/A       14%         2
 Stone Arrow              Conj/Erth      24%        3d8       17%         3
 Mephitic Cloud           Conj/Pois/Air  10%        N/A       21%         3


Dungeon Overview and Level Annotations

Branches:
Dungeon (3/15)

Altars:
Fedhas

Annotations:
D:2 Sigmund


Message History

Why would you want to do that?
The magic dart hits the orc priest but does no damage.
The adder bites you.
You are poisoned.
The adder poisons you!
The orc priest hits you with a +0 hand axe.
The magic dart hits the orc but does no damage.
The orc is severely wounded.
You feel sick. The adder bites you but does no damage.
The orc priest hits you with a +0 hand axe.
The orc closely misses you.
You are too injured to fight recklessly!
You are too injured to fight recklessly!
Casting: Magic Dart (safe; 3% risk of failure)
Confirm with . or Enter, or press ? or * to list all spells.
Aiming: Magic Dart (safe; 3% risk of failure)
Press: ? - help, Shift-Dir - straight line, f - adder, p - orc
Aim: an adder (100% to hit)
The magic dart hits the adder but does no damage.
You feel sick. The adder completely misses you.
The orc priest hits you with a +0 hand axe.
* * * LOW HITPOINT WARNING * * *
The orc hits you with a +0 whip.
* * * LOW HITPOINT WARNING * * *
The adder closely misses you.
Casting: Magic Dart (safe; 3% risk of failure)
Confirm with . or Enter, or press ? or * to list all spells.
Aiming: Magic Dart (safe; 3% risk of failure)
Press: ? - help, Shift-Dir - straight line, f - orc, p - adder
Aim: an orc, wielding a +0 whip and wearing a +0 chain mail (severely wounded, 100% to hit)
Okay, then.
Casting: Magic Dart (safe; 3% risk of failure)
Confirm with . or Enter, or press ? or * to list all spells.
You are still too unstable to blink.
You closely miss the orc.
The orc is severely wounded.
* * * LOW HITPOINT WARNING * * *
You feel sick. The adder closely misses you.
The orc priest hits you with a +0 hand axe.
You die...

###########
#####.........#
#.............##
#....##~#......#
#..###≈≈##~..#..#
#..~~≈≈#≈≈#B.# ..
#.##≈#≈≈≈≈#So###..#
.#####.#≈≈≈≈≈≈#≈@.......
.......~≈≈≈≈≈≈≈≈#o.##.#.
####...##≈#≈#≈≈# .##
..##....# ≈≈≈≈≈ .#
...#....##≈≈≈# ..
..........#### ..
............. .##
........##### ##
...####.#


You could see an orc priest, an adder, an orc and a giant cockroach.

Vanquished Creatures
  2 jellies (D:2)
  A gnoll (D:1)
  An adder (D:2)
  2 dart slugs (D:1)
  3 orcs (D:3)
  2 ball pythons (D:1)
  9 endoplasms (D:2)
  2 giant cockroaches
  5 goblins (D:1)
  4 hobgoblins
  2 jackals (D:1)
  4 quokkas
  2 bats (D:2)
  5 frilled lizards
  12 kobolds
  2 rats (D:1)
58 creatures vanquished.

Notes
Turn   | Place    | Note
-------+----------+-------------------------------------------
     0 | D:1      | Byczy the Deep Elf Hedge Wizard began the quest for the
                  | Orb.
     0 | D:1      | Reached XP level 1. HP: 10/10 MP: 7/7
   303 | D:1      | Reached XP level 2. HP: 15/15 MP: 6/9
   366 | D:1      | Reached skill level 5 in Spellcasting
   574 | D:1      | Learned a level 2 spell: Blink
   798 | D:1      | Reached XP level 3. HP: 2/19 MP: 1/11
  1695 | D:2      | Reached skill level 6 in Spellcasting
  1695 | D:2      | Reached XP level 4. HP: 16/24 MP: 8/14
  2037 | D:2      | Noticed Sigmund
  2182 | D:2      | Found a blossoming altar of Fedhas.
  2450 | D:3      | Reached XP level 5. HP: 28/28 MP: 11/16
  2623 | D:3      | Slain by an orc priest

Illustrated notes

Levels and vault maps discovered:
D:1:      lemuel_arrival_river_ford, layout_loops_ring
D:2:      cheibrodos_fertilizer, layout_basic, basic_altar,
          kennysheep_cross_room, uniq_sigmund
D:3:      layout_rooms, hellmonk_ecumenical_altar_watching_god,
          minmay_hedge_maze, minivault_4, lexackson_kobold_supper, uniq_grinder,
          uniq_natasha

Skill      XL: |  1  2  3  4 |
---------------+-------------+-----
Spellcasting   | 5 6 |  6.6
Conjurations   | 2 |  2.4
Stealth        | 3 |  3.0
Fighting       | |  0.1
Short Blades   | |  0.4
Dodging        | |  2.9
Summonings     | |  1.1
Translocations | |  1.2

Action                     |  1- 3 |  4- 6 || total
---------------------------+-------+-------++-------
  Melee: Dagger            |    17 |     1 ||    18
   Cast: Magic Dart        |    89 |    56 ||   145
         Blink             |     1 |     1 ||     2
    Use: Scroll            |     4 |       ||     4
 Armour: Robe              |     8 |     4 ||    12
  Dodge: Dodged            |    22 |    15 ||    37
